 Dungeon Crawl Stone Soup version 0.26-a0-547-g695e311587 (webtiles) character file.

Game seed: 3359016931460995439

11210 Murumi the Blocker (level 12, -10/97 HPs)
             Began as a Formicid Fighter on Aug 20, 2020.
             Was a High Priest of Okawaru.
             Killed from afar by an electric eel (13 damage)
             ... with a bolt of electricity
             ... on level 11 of the Dungeon.
             The game lasted 01:01:08 (15486 turns).

Murumi the Blocker (Formicid Fighter)              Turns: 15486, Time: 01:01:09

Health: -10/97     AC: 21    Str: 21    XL:     12   Next: 4%
Magic:  16/16      EV: 10    Int: 17    God:    Okawaru [*****.]
Gold:   916        SH: 19    Dex: 10    Spells: 11/11 levels left

rFire    . . .     SeeInvis +   I - +2 great sword of the Whale {speed, rPois rF- rN+ Int+4}
rCold    . . .     Faith    .   c - +1 kite shield
rNeg     + . .     Spirit   .   E - +0 plate armour
rPois    +         Reflect  +   (helmet unavailable)
rElec    .         Harm     .   F - +0 cloak
rCorr    .                      j - +0 pair of gloves
MR       +....                  t - +0 pair of boots
Stlth    ..........             s - amulet of reflection
HPRegen  0.26/turn              g - ring of stealth
MPRegen  0.15/turn              b - ring of protection from fire

@: heroism
A: permanent stasis, dig shafts and tunnels, four strong arms, antennae 3
a: Dig, Shaft Self, Heroism, Finesse, Renounce Religion


You were on level 11 of the Dungeon.
You worshipped Okawaru.
Okawaru was extremely pleased with you.
You visited 2 branches of the dungeon, and saw 12 of its levels.
You also visited: Sewer and Ossuary.

You collected 916 gold pieces.

Inventory:

Hand Weapons
 a - a +1 long sword
 I - the +2 great sword of the Whale (weapon) {speed, rPois rF- rN+ Int+4}
   (Okawaru gifted it to you on level 11 of the Dungeon)

   Attacks with this weapon are significantly faster.
   It affects your intelligence (+4).
   It makes you vulnerable to fire.
   It protects you from poison.
   It protects you from negative energy.
Missiles
 e - 118 bolts
Armour
 c - a +1 kite shield (worn)
 j - a +0 pair of gloves (worn)
 t - a +0 pair of boots (worn)
 E - a +0 plate armour (worn)
 F - a +0 cloak (worn)
Jewellery
 b - a ring of protection from fire (right hand)
 g - a ring of stealth (left hand)
 s - an amulet of reflection (around neck)
Wands
 o - a wand of iceblast (26)
 q - a wand of polymorph (16)
 u - a wand of enslavement (8)
 z - a wand of paralysis (7)
 A - a wand of flame (16)
 D - a wand of random effects (31)
Scrolls
 i - 6 scrolls of remove curse
 m - a scroll of fear
 v - a scroll of fog
 y - a scroll of magic mapping
 B - a scroll of enchant armour
 C - 2 scrolls of amnesia
Potions
 d - 6 potions of might
 f - 7 potions of curing
 h - a potion of resistance
 k - 5 potions of flight
 l - 7 potions of heal wounds
 n - 2 potions of mutation
 p - 3 potions of brilliance
 r - 2 potions of cancellation {unknown}
 w - a potion of degeneration {unknown}
 x - 3 potions of lignification
 G - a potion of ambrosia {unknown}
 H - a potion of berserk rage {unknown}


   Skills:
 - Level 10.0(15.0) Fighting
 - Level 9.0(14.0) Long Blades
 + Level 9.6(14.6) Armour
 - Level 3.0(8.0) Dodging
 - Level 10.0(15.0) Shields
 - Level 6.0 Invocations
 - Level 5.0 Evocations


You had 11 spell levels left.
You didn't know any spells.
Your spell library contained the following spells:

 Spells                   Type           Power        Failure   Level
 Freeze                   Ice            #...         94%         1
 Magic Dart               Conj           #...         94%         1
 Call Imp                 Summ           #.......     98%         2
 Slow                     Hex            #.......     98%         2
 Conjure Flame            Conj/Fire      #.......     100%        3
 Frozen Ramparts          Ice            #.....       100%        3
 Mephitic Cloud           Conj/Pois/Air  #.......     100%        3
 Ozocubu's Armour         Ice            #.......     100%        3
 Hailstorm                Conj/Ice       #.......     100%        4
 Summon Ice Beast         Ice/Summ       #.......     100%        4
 Irradiate                Conj/Tmut      #.........   100%        5
 Hydra Form               Tmut           #.........   100%        6
 Statue Form              Tmut/Erth      #........    100%        6
 Dragon Form              Tmut           #.........   100%        7
 Blink                    Tloc           Unusable     N/A         2

Dungeon Overview and Level Annotations

Branches:
Dungeon (11/15)            Temple (1/1) D:4            Lair (0/6) D:11
    Orc (0/2) D:9           Sewer (visited)         Ossuary (visited)

Altars:
Ashenzari
Cheibriados
Dithmenos
Elyvilon
Fedhas
Gozag
Hepliaklqana
Kikubaaqudgha
Makhleb
Nemelex Xobeh
Okawaru
Qazlal
Ru
Sif Muna
Trog
Uskayaw
Vehumet
Wu Jian
Xom
Yredelemnul
Zin
The Shining One

Shops:
D:7 [

Portals:
Trove: D:10 (show abyssal rune of Zot)

Annotations:
D:11 2 transporters, Renjy's ghost, journeyman KoGl


Innate Abilities, Weirdness & Mutations

You cannot be hasted, slowed, berserked, paralysed or teleported.
You can dig through walls and to a lower floor.
Your four strong arms can wield two-handed weapons with a shield.
You have a pair of large antennae on your head. (SInv)


Message History

* * * LOW HITPOINT WARNING * * *
The electric eel shoots out a bolt of lightning at you!
The bolt of electricity hits the water elemental.
The water elemental resists.
The bolt of electricity hits you!
* * * LOW HITPOINT WARNING * * *
The electric eel shoots out a bolt of lightning at you!
The bolt of electricity hits the water elemental.
The water elemental resists.
The bolt of electricity hits you!
* * * LOW HITPOINT WARNING * * *
Things that are here:
a +0 dagger; a +0 robe You extend your mandibles.
You dig through the rock wall.
The electric eel shoots out a bolt of lightning at you!
The bolt of electricity hits you.
* * * LOW HITPOINT WARNING * * *
You retract your mandibles.
The electric eel shoots out a bolt of lightning at you!
The bolt of electricity hits you!
You die...

#.#..©#OOo.._.#..©#©..
#.#.#.#...#TC##...
#..#...
........#.####{
.###.##.#.
......#.#..#
##[.#.##..#.
####..#.##)## ......
#. #. ...
#E##..###...# #.. .o
### #.#/....#####....
..
#.#.[.........≈≈≈{##
#..@........≈≈≈≈≈≈ #
#.###..##.#;≈≈≈≈≈≈
#.........†;≈≈≈≈≈
.........;;≈≈≈≈≈≈
####.....≈≈≈≈≈≈≈≈≈
#......≈≈≈≈≈≈≈≈
######..≈≈≈≈≈≈≈
..>.≈≈≈≈≈≈ ##.##≈≈≈≈≈


You could see 2 electric eels.

Vanquished Creatures
  An unseen horror (D:10)
  An ugly thing (D:8)
  Maurice (D:11)
  A cyclops (D:9)
  A troll (D:8)
  A hornet (D:9)
  3 hippogriffs
  A vampire (D:10)
  Sigmund (D:5)
  9 yaks
  A wraith (D:10)
  A wyvern (D:8)
  Duvessa (D:5)
  5 orc warriors
  3 black bears
  3 sky beasts
  5 ice beasts
  2 eyes of draining (D:9)
  An ogre (D:9)
  3 phantoms
  A necrophage (D:11)
  4 centaurs
  6 bullfrogs
  4 big kobolds (Sewer)
  2 elf zombies (Ossuary)
  Dowan (D:5)
  7 scorpions
  8 killer bees (D:10)
  4 electric eels (D:11)
  The ghost of P0WERM0DE the Sneak, a weakling OpDe (D:3)
  5 howler monkeys
  A bullfrog zombie (D:5)
  3 centaur zombies
  5 jellies
  6 orc priests
  7 hounds
  2 human zombies (Ossuary)
  6 orc wizards
  2 bullfrog skeletons
  7 iguanas
  10 worker ants
  A big kobold zombie (Ossuary)
  3 hound zombies
  2 hound skeletons (D:5)
  3 mummies (Ossuary)
  A worker ant zombie (D:5)
  A howler monkey zombie (D:6)
  A howler monkey skeleton (D:6)
  8 gnolls
  20 adders
  2 river rats (D:3)
  4 shadow imps
  2 white imps
  An adder zombie (D:10)
  An adder skeleton (D:3)
  3 worms
  2 dart slugs
  6 leopard geckos
  49 orcs
  11 giant cockroaches
  5 goblins
  6 hobgoblins
  2 jackals (D:8)
  16 kobolds
  6 quokkas
  6 ball pythons
  10 bats
  6 frilled lizards
  A gnoll zombie (Ossuary)
  5 goblin zombies (Ossuary)
  5 hobgoblin zombies (Ossuary)
  A jackal skeleton (D:4)
  2 jackal zombies (Ossuary)
  9 kobold zombies (Ossuary)
  A leopard gecko skeleton (D:7)
  A leopard gecko zombie (D:7)
  2 orc zombies (Ossuary)
  A quokka skeleton (D:5)
  2 quokka zombies (Ossuary)
  12 rats
  A rat zombie (Ossuary)
358 creatures vanquished.

Notes
Turn   | Place    | Note
-------+----------+-------------------------------------------
     0 | D:1      | Murumi the Formicid Fighter began the quest for the Orb.
     0 | D:1      | Reached XP level 1. HP: 18/18 MP: 1/1
   128 | D:1      | Reached skill level 1 in Dodging
   133 | D:1      | Reached XP level 2. HP: 16/24 MP: 2/2
   627 | D:1      | Reached XP level 3. HP: 29/29 MP: 3/3
  1319 | D:2      | Reached XP level 4. HP: 37/37 MP: 4/4
  1767 | D:2      | Reached XP level 5. HP: 32/42 MP: 5/5
  2231 | D:3      | Reached skill level 5 in Shields
  2276 | D:3      | Noticed P0WERM0DE's ghost (weakling OpDe)
  2277 | D:3      | Found a runed translucent door.
  2778 | D:3      | Reached XP level 6. HP: 48/48 MP: 6/6
  2820 | D:3      | Found a glowing drain.
  2826 | Sewer    | Entered a sewer
  3164 | Sewer    | Reached skill level 5 in Fighting
  3285 | Sewer    | Reached skill level 5 in Armour
  3285 | Sewer    | Reached XP level 7. HP: 44/56 MP: 7/7
  3650 | D:3      | Found a blossoming altar of Fedhas.
  3728 | D:3      | Killed P0WERM0DE's ghost
  4036 | D:4      | Reached XP level 8. HP: 37/62 MP: 8/8
  4360 | D:4      | Found a staircase to the Ecumenical Temple.
  4370 | Temple   | Entered the Ecumenical Temple
  4420 | Temple   | Became a worshipper of Warmaster Okawaru
  4578 | D:4      | Reached skill level 1 in Invocations
  4778 | D:4      | You fall into a shaft and drop 1 floor!
  4778 | D:5      | Entered Level 5 of the Dungeon
  4842 | D:5      | Reached skill level 5 in Long Blades
  4943 | D:5      | Noticed Sigmund
  4951 | D:5      | Killed Sigmund
  4951 | D:5      | Reached * piety under Okawaru
  4980 | D:5      | Reached XP level 9. HP: 67/69 MP: 10/12
  5082 | D:5      | Found a sand-covered staircase.
  5089 | Ossuary  | Entered an ossuary
  5853 | D:4      | Found a glowing golden altar of the Shining One.
  5853 | D:4      | Found a glowing silver altar of Zin.
  5853 | D:4      | Found a white marble altar of Elyvilon.
  6056 | D:5      | Noticed Dowan
  6057 | D:5      | Noticed Duvessa
  6074 | D:5      | Killed Duvessa
  6110 | D:5      | Killed Dowan
  6137 | D:5      | Reached skill level 1 in Evocations
  6717 | D:5      | Reached ** piety under Okawaru
  8227 | D:6      | Found a shimmering altar of Xom.
  8354 | D:6      | Reached XP level 10. HP: 70/79 MP: 13/13
  8794 | D:7      | Found an opulent altar of Gozag.
  9054 | D:7      | Found Ecserian's Armour Shoppe.
  9943 | D:8      | Reached *** piety under Okawaru
  9943 | D:8      | Reached skill level 5 in Invocations
 10508 | D:9      | Noticed a white ugly thing
 10538 | D:8      | Killed a white ugly thing
 10923 | D:9      | Reached **** piety under Okawaru
 11077 | D:9      | Reached XP level 11. HP: 69/89 MP: 14/14
 11450 | D:9      | Found a shimmering blue altar of Sif Muna.
 11681 | D:9      | Reached skill level 10 in Shields
 11765 | D:9      | Noticed a cyclops
 11776 | D:9      | Killed a cyclops
 12260 | D:9      | Found a staircase to the Orcish Mines.
 12481 | D:10     | Entered Level 10 of the Dungeon
 12697 | D:10     | Reached ***** piety under Okawaru
 12871 | D:10     | Reached skill level 5 in Evocations
 13547 | D:10     | Found a portal to a secret trove of treasure.
 14289 | D:11     | Noticed an unseen horror
 14352 | D:10     | Killed an unseen horror
 14914 | D:11     | Noticed Maurice
 14937 | D:11     | Killed Maurice
 14937 | D:11     | Reached skill level 10 in Fighting
 14958 | D:11     | Found a staircase to the Lair.
 14974 | D:11     | Noticed a deep troll
 14975 | D:11     | Identified the +1 great sword of Sharkskin {holy, rPois
                  | rN++}
 14975 | D:11     | Noticed a cyclops
 14976 | D:11     | Noticed a moth of wrath
 15103 | D:11     | Received a gift from Okawaru
 15103 | D:11     | Reached XP level 12. HP: 65/97 MP: 16/16
 15271 | D:11     | Got a brightly glowing great sword {god gift}
 15272 | D:11     | Identified the +2 great sword of the Whale {speed, rPois
                  | rF- rN+ Int+4} (Okawaru gifted it to you on level 11 of the
                  | Dungeon)
 15337 | D:11     | Noticed Renjy's ghost (journeyman KoGl)
 15338 | D:11     | Noticed a two-headed ogre
 15342 | D:11     | Noticed a two-headed ogre
 15347 | D:11     | Found a transporter.
 15350 | D:11     | Found a transporter.
 15364 | D:11     | Found a bloodstained altar of Trog.
 15485 | D:11     | HP: 3/97 [electric eel/bolt of electricity (5)]
 15486 | D:11     | Killed from afar by an electric eel

Illustrated notes

Levels and vault maps discovered:
D:1:      onia_arrival_mini_maze, layout_basic, serial_glass, glass_columns_a,
          glass_columns_b
D:2:      minmay_inner_zag, layout_basic, dk_noncrumbling_3
D:3:      layout_rooms, portal_sewer_entry_e, hellmonk_ghost_happy_afterlife,
          fedhas_altar_fruit_tree
D:4:      minmay_chambers_of_fours, layout_basic, good_gods_mini_temple,
          minmay_temple_entry_overgrown
D:5:      layout_basic, nicolae_ossuary_entry_monument, uniq_duvessa,
          uniq_sigmund
D:6:      layout_loops_ring, xom_teletrap_fun, minmay_misc_feat_enclosed
D:7:      layout_basic, old_standard_altar, serial_shops,
          nicolae_shop_behind_doors, minmay_misc_feat_rows, skrybe_limestone_x,
          sigmund_army
D:8:      layout_rooms
D:9:      layout_roguey, lemuel_blue_sif_altar, orc_0_dummy,
          minmay_misc_feat_room, hex_intersection, lemuel_another_geyser
D:10:     layout_irregular_city, nicolae_trove_entry_free_sample
D:11:     layout_basic, lair_entry_dummy, gammafunk_ghost_wrathful_warriors,
          basic_altar, uniq_maurice
Temple:   nicolae_temple_x_marks_the_god

Skill      XL: |  1  2  3  4  5  6  7  8  9 10 11 |
---------------+----------------------------------+-----
Dodging        | 1 2 3 |  3.0
Shields        | 4 5 7 8 9 10 | 10.0
Long Blades    | 3 4 5 6 7 9 |  9.0
Fighting       | 4 5 6 7 9 10 | 10.0
Armour         | 4 5 6 7 8 9 |  9.6
Invocations    | 4 5 6 |  6.0
Evocations     | 3 4 5 |  5.0

Action                   |  1- 3 |  4- 6 |  7- 9 | 10-12 || total
-------------------------+-------+-------+-------+-------++-------
Melee: Long sword        |    99 |   217 |   741 |   979 ||  2036
       Great sword       |       |       |       |    17 ||    17
Invok: Heroism           |       |       |     2 |    12 ||    14
 Abil: Dig               |     2 |     1 |     2 |     8 ||    13
  Use: Scroll            |     4 |     4 |     9 |     6 ||    23
       Potion            |       |       |     1 |     1 ||     2
Armor: Scale mail        |    51 |    73 |    26 |       ||   150
       Chain mail        |       |       |   131 |    21 ||   152
       Plate armour      |       |       |       |   267 ||   267
       Skin              |       |       |       |     1 ||     1
Dodge: Dodged            |    23 |    64 |   115 |   149 ||   351
Block: Kite shield       |    58 |   143 |   500 |   786 ||  1487
       Reflection        |       |       |    14 |     5 ||    19
       Rpst.: Long sword |     8 |    18 |    32 |    45 ||   103

Table legend: (Time is in decaauts)
 A = Elapsed time spent in this place.
 B = Non-inter-level travel time spent in this place.
 C = Inter-level travel time spent in this place.
 D = Time resting spent in this place.
 E = Time spent auto-exploring this place.
 F = Levels seen in this place.
 G = Mean time per level.
                   A        B        C        D        E       F      G
               +--------+--------+--------+--------+--------+-----+--------+
         Total |  15743 |  14679 |   1064 |    810 |   9975 |  14 | 1124.5 |
       Dungeon |  14349 |  13291 |   1058 |    551 |   9376 |  11 | 1304.5 |
        Temple |     56 |     50 |      6 |      0 |     48 |   1 |   56.0 |
         Sewer |    792 |    792 |      0 |    259 |    323 |   1 |  792.0 |
       Ossuary |    544 |    544 |      0 |      0 |    228 |   1 |  544.0 |
               +--------+--------+--------+--------+--------+-----+--------+

Top non-repeatable levels by time:
    D:10: 2214 daAuts
     D:9: 1816 daAuts
     D:5: 1703 daAuts
     D:6: 1407 daAuts
     D:4: 1236 daAuts
     D:8: 1214 daAuts
     D:2: 1136 daAuts
     D:1: 1124 daAuts
     D:7: 926 daAuts
     D:3: 907 daAuts
   Sewer: 792 daAuts
    D:11: 662 daAuts
 Ossuary: 544 daAuts
  Temple: 56 daAuts
